 Dungeon Crawl Stone Soup version 0.23.0-3-gf3c87f2 (webtiles) character file.

Game seed: 15904095571324915995

35 Scud the Caller (level 3, 0/19 HPs)
             Began as a Tengu Summoner on Feb 22, 2019.
             Succumbed to an adder's poison
             ... on level 3 of the Dungeon.
             The game lasted 00:06:34 (1844 turns).

Scud the Caller (Tengu Summoner)                    Turns: 1844, Time: 00:06:34

Health: 0/19       AC:  3    Str:  8    XL:     3   Next: 35%
Magic:  2/7        EV: 13    Int: 16    God:
Gold:   150        SH:  0    Dex: 14    Spells: 3/6 levels left

rFire    . . .     SeeInvis .   l - staff of summoning
rCold    . . .     Gourm    .   (no shield)
rNeg     . . .     Faith    .   a - +1 robe
rPois    .         Spirit   +   (helmet restricted)
rElec    .         Reflect  .   m - scarf {Spirit}
rCorr    .         Harm     .   (no gloves)
MR       .....                  (boots unavailable)
Stlth    ++........             (no amulet)
HPRegen  0.06/turn              (no ring)
MPRegen  0.10/turn              (no ring)

@: lethally poisoned (0 -> -11)
A: beak, talons 3
a: no special abilities


You were on level 3 of the Dungeon.
You were not hungry.

You visited 1 branch of the dungeon, and saw 3 of its levels.

You collected 150 gold pieces.

Inventory:

Armour
 a - a +1 robe (worn)
 m - a scarf of spirit shield (worn)
Magical Staves
 l - an uncursed staff of summoning (weapon)
Jewellery
 h - an uncursed ring of fire {unknown}
Wands
 n - a wand of random effects (1)
Scrolls
 d - a scroll of immolation {unknown}
 e - a scroll of fog {unknown}
 g - 2 scrolls of teleportation
 j - a scroll of identify {unknown}
 k - 2 scrolls of magic mapping
Potions
 b - a potion of magic {unknown}
 f - a potion of lignification {unknown}
 i - a potion of curing {unknown}
Comestibles
 c - 6 rations
 o - a chunk of flesh


   Skills:
 + Level 2.4 Dodging
 - Level 2.0 Stealth
 + Level 0.3 Unarmed Combat
 - Level 2.3 Spellcasting
 * Level 5.6 Summonings


You had 3 spell levels left.
You knew the following spells:

 Your Spells              Type           Power        Failure   Level  Hunger
a - Summon Small Mammal   Summ           ####         1%          1    #......
b - Call Imp              Summ           ####....     3%          2    ###....

Your spell library contained the following spells:

 Spells                   Type           Power        Failure   Level  Hunger
 Call Canine Familiar     Summ           ####....     6%          3    ###....
 Summon Guardian Golem    Hex/Summ       ###.....     19%         3    ###....
 Summon Ice Beast         Ice/Summ       ###.....     52%         4    #####..
 Summon Lightning Spire   Summ/Air       ###.....     52%         4    #####..


Dungeon Overview and Level Annotations

Branches:
Dungeon (3/15)

Altars:


Innate Abilities, Weirdness & Mutations

You have a beak for a mouth.
You have claws for feet.


Message History

Casting: Call Imp (safe; 3% risk of failure)
Confirm with . or Enter, or press ? or * to list all spells.
You feel a surge of power!
* * * LOW HITPOINT WARNING * * *
You feel sick. The adder bites you.
* * * LOW HITPOINT WARNING * * *
You swap places.
* * * LOW HITPOINT WARNING * * *
You feel sick. The adder bites your quokka.
Your quokka bites the adder but does no damage.
The adder barely misses your quokka.
Casting: Summon Small Mammal (safe; 1% risk of failure)
Confirm with . or Enter, or press ? or * to list all spells.
You feel a surge of power!
* * * LOW HITPOINT WARNING * * *
You feel sick.
Your quokka bites the adder.
The adder closely misses your quokka. The adder closely misses your quokka.
Your quokka barely misses the adder.
You swap places.
You die...

....##.......# #.#
..####.......# #.#
..# #.......# #.#
..# ####+#'## #.#
#### #.# #.# ....
#.# #รท# #### #.#
#.# # #.####.# #
#...##@# #
###.##r# # #.##.#
# #.##r#
#############.##S#
..............##.#
################.#
..# ###


You could see an adder and 2 friendly quokkas.

Vanquished Creatures
  A worm (D:2)
  A dart slug (D:1)
  2 leopard geckos
  2 giant cockroaches (D:2)
  2 goblins
  2 hobgoblins
  5 bats
  A frilled lizard (D:2)
  3 kobolds (D:2)
  5 rats
24 creatures vanquished.

Vanquished Creatures (collateral kills)
  A worm (D:3)
  A dart slug (D:1)
  A goblin (D:1)
  A frilled lizard (D:1)
4 creatures vanquished.

Grand Total: 28 creatures vanquished

Notes
Turn   | Place    | Note
-------+----------+-------------------------------------------
     0 | D:1      | Scud the Tengu Summoner began the quest for the Orb.
     0 | D:1      | Reached XP level 1. HP: 10/10 MP: 4/4
   178 | D:1      | Reached skill level 5 in Summonings
   225 | D:1      | Reached XP level 2. HP: 15/15 MP: 6/6
   229 | D:1      | Learned a level 2 spell: Call Imp
   601 | D:2      | Reached XP level 3. HP: 12/19 MP: 7/7
  1844 | D:3      | Succumbed to an adder's poison

Skill      XL: |  1 |
---------------+----+-----
Summonings     | 5 |  5.6
Dodging        | |  2.4
Stealth        | |  2.0
Unarmed Combat | |  0.3
Spellcasting   | |  2.3

Action                   || total
-------------------------++-------
Melee: Unarmed           ||    78
       Kick              ||    21
       Peck              ||    11
       Staff             ||    22
 Cast: Summon Small Mamm ||     8
       Call Imp          ||     2
  Use: Scroll            ||     5
       Potion            ||     2
 Stab: Sleeping          ||     4
  Eat: Ration            ||     1
       Chunk             ||     1
Armor: Robe              ||    27
Dodge: Dodged            ||    82
